 Dungeon Crawl Stone Soup version 0.31-a0-198-g2ad674f65e (console) character file.

Game seed: 16960126541778011012

42676 13572468 the Eclecticist (level 13, 30/63 HPs)
             Began as a Deep Elf Conjurer on June 21, 2023.
             Was a High Priest of Vehumet.
             Quit the game on level 3 of the Abyss on June 25, 2023.
             The game lasted 01:20:03 (21474 turns).

13572468 the Eclecticist (Deep Elf Conjurer)       Turns: 21474, Time: 01:20:03

Health: 30/63      AC:  7    Str:  5    XL:     13   Next: 86%
Magic:  32/39      EV: 13    Int: 29    God:    Vehumet [*****.]
Gold:   910        SH:  5    Dex: 16    Spells: 20/53 levels left

rFire   + + +        a - staff of fire
rCold   + + .        T - +2 buckler of Evolution {rF+++ Str+3 Slay-3 SInv}
rNeg    . . .        B - +2 robe {rC+}
rPois   .            (no helmet)
rElec   .            C - scarf of Honour {rC+ rF+, Dex+3}
rCorr   .            G - +1 pair of gloves
SInv    +            S - +0 pair of boots
Will    ++...        O - amulet of regeneration
Stlth   ++           L - ring of wizardry
HPRegen 1.10/turn    R - ring of willpower
MPRegen 0.26/turn

%: wizardry (x1)
@: about to teleport
A: weak 1
a: Renounce Religion


You were on level 3 of the Abyss.
You worshipped Vehumet.
Vehumet was extremely pleased with you.
You visited 3 branches of the dungeon, and saw 17 of its levels.
You visited the Abyss 1 time.
You also visited: Bailey.

You collected 910 gold pieces.

Inventory:

Armour
 B - a +2 robe of cold resistance (worn)
 C - the scarf of Honour (worn) {rC+ rF+, Dex+3}
   (You found it on level 12 of the Dungeon)

   Dex:       It affects your dexterity (+3).
 G - a +1 pair of gloves (worn)
 S - a +0 pair of boots (worn)
 T - the +2 buckler of Evolution (worn) {rF+++ Str+3 Slay-3 SInv}
   (You acquired it on level 8 of the Dungeon)

   Str:       It affects your strength (+3).
   Slay:      It affects your accuracy & damage with ranged weapons and melee
   (-3).
   rF:        It renders you almost immune to fire.
   SInv:      It lets you see invisible.
Magical Staves
 a - a staff of fire (weapon)
Jewellery
 c - a ring of ice
 d - a +5 ring of evasion
 f - the ring of the Loving Gods {Fire Int+3}
   (You found it on level 8 of the Dungeon)

   [ring of fire]

   It enhances your fire magic.
   Int:       It affects your intelligence (+3).
   rF:        It protects you from fire.
   rC:        It makes you vulnerable to cold.
 g - a ring of resist corrosion
 L - a ring of wizardry (left hand)
 O - an amulet of regeneration (around neck)
 R - a ring of willpower (right hand)
Wands
 v - a wand of acid (4)
 D - a wand of digging (6)
 V - a wand of iceblast (36)
Scrolls
 b - a scroll of silence
 e - 2 scrolls of enchant weapon
 h - a scroll of fog
 i - 6 scrolls of identify
 m - 3 scrolls of revelation
 x - a scroll of teleportation
 F - 2 scrolls of fear
Potions
 q - 5 potions of curing
 r - 3 potions of resistance
 s - 2 potions of haste
 M - 2 potions of magic


   Skills:
 + Level 4.1 Dodging
 - Level 2.4 Stealth
 * Level 20.9 Spellcasting
 * Level 15.1 Conjurations
 * Level 11.6 Fire Magic
 + Level 4.7 Air Magic


You had 20 spell levels left.
You knew the following spells:

 Your Spells              Type           Power      Damage    Failure   Level
a - Magic Dart            Conj           100%       1d8       0%          1
b - Foxfire               Conj/Fire      100%       2x1d9     0%          1
c - Stone Arrow           Conj/Erth      100%       3d13      1%          3
d - Iskenderun's Mystic   Conj/Tloc      65%        2d13      1%          4
m - Mephitic Cloud        Conj/Pois/Air  62%        N/A       1%          3
o - Orb of Destruction    Conj           43%        9d12      1%          7
p - Plasma Beam           Fire/Air       43%        2x1d57    1%          6
s - Sticky Flame          Conj/Fire      100%       2d11      1%          4
A - Airstrike             Air            27%        2d(4-20)  1%          4

Your spell library contained the following spells:

 Spells                   Type           Power      Damage    Failure   Level
 Searing Ray              Conj           100%       2d8       0%          2
 Kiss of Death            Conj/Necr      100%       2d13      1%          1
 Necrotise                Necr           100%       1d9       1%          1
 Call Imp                 Summ           60%        N/A       1%          2
 Cigotuvi's Dreadful Rot  Necr/Pois/Air  78%        N/A       1%          2
 Lesser Beckoning         Tloc           60%        N/A       1%          2
 Static Discharge         Conj/Air       100%       2-7/arc   1%          2
 Dazzling Flash           Conj/Hex       100%       N/A       1%          3
 Ignite Poison            Fire/Tmut/Pois 68%        N/A       1%          3
 Vhi's Electric Charge    Tloc/Air       88%        N/A       1%          3
 Fulminant Prism          Conj/Hex       32%        3d16      1%          4
 Arcjolt                  Conj/Air       36%        1d46      1%          5
 Call Canine Familiar     Summ           30%        N/A       2%          3
 Confusing Touch          Hex            30%        N/A       2%          3
 Gell's Gravitas          Tloc           30%        N/A       2%          3
 Portal Projectile        Hex/Tloc       60%        N/A       2%          3
 Teleport Other           Tloc           30%        N/A       2%          3
 Vampiric Draining        Necr           30%        2d8       2%          3
 Summon Lightning Spire   Summ/Air       44%        N/A       3%          4
 Animate Armour           Summ/Erth      60%        N/A       10%         4
 Cause Fear               Hex            15%        N/A       10%         4
 Dispel Undead            Necr           30%        3d14      10%         4
 Leda's Liquefaction      Hex/Erth       15%        N/A       10%         4
 Ignition                 Fire           49%        3d14      14%         8
 Agony                    Necr           30%        N/A       26%         5
 Lehudib's Crystal Spear  Conj/Erth      32%        10d8      52%         8
 Death Channel            Necr           15%        N/A       78%         6
 Maxwell's Capacitive Co  Air            27%        ∞         85%         8
 Dragon Form              Tmut           15%        N/A       100%        7
 Malign Gateway           Summ/Tloc      15%        N/A       100%        7
 Summon Horrible Things   Summ           15%        N/A       100%        8
 Dragon's Call            Summ           15%        N/A       100%        9


Dungeon Overview and Level Annotations

Branches:
Dungeon (12/15)            Temple (1/1) D:4            Lair (4/5) D:11
 Shoals (0/4) Lair:2        Snake (0/4) Lair:2          Orc (0/2) D:10
 Bailey (visited)
  Slime: Lair:4-5

Altars:
Fedhas
Gozag
Hepliaklqana
Makhleb
Okawaru
Qazlal
Sif Muna
Trog
Vehumet
Xom
Yredelemnul
The Shining One

Annotations:
Lair:4 Snorg, Sonja


Innate Abilities, Weirdness & Mutations

You are weak. (Str -2)


Message History

A hell hound comes into view.
Casting: Plasma Beam (dangerous; 1% risk of failure)
Confirm with . or Enter, or press ? or * to list all spells.
You erupt in a blast of force!
The mystic blast hits the bone dragon!
The bone dragon is lightly damaged.
The bone dragon bites you! You block the bone dragon's attack.
The bone dragon tramples you but does no damage.
The bone dragon bites you! The bone dragon barely misses you.
The bone dragon tramples you.
You hold your ground!
As you read the scroll of teleportation, it crumbles to dust.
You feel strangely unstable.
You feel the power of the Abyss delaying your translocation!
The bone dragon bites you! The bone dragon misses you.
The bone dragon completely misses you.
The bone dragon attacks as you move away!
The bone dragon bites you but does no damage.
The bone dragon claws you but does no damage.
The bone dragon tramples you!
You feel much better.
The bone dragon bites you but does no damage.
The bone dragon misses you. The bone dragon tramples you!
You stumble backwards!
You feel yourself growing ill in the presence of the ancient zyme.
The bone dragon attacks as you move away!
The bone dragon bites you but does no damage.
The bone dragon claws you. The bone dragon tramples you.
A sixfirhy comes into view.
The bone dragon bites you!!
* * * LOW HITPOINT WARNING * * *
The bone dragon claws you but does no damage.
The bone dragon tramples you.
* * * LOW HITPOINT WARNING * * *
You hold your ground!
Unknown command.
You feel much better.
The bone dragon bites you but does no damage.
The bone dragon claws you. You block the bone dragon's attack.
You feel much better.
The hell hound bites you but does no damage.
The bone dragon closely misses you. The bone dragon claws you.
The bone dragon tramples you!
You hold your ground!
Unknown command.
Enter note: fuck this game Are you sure you want to abandon this character and quit the game? (Confirm with "yes".)

▒·· ··▒· ··▒▒▒
· ·▒ ·· · ≈ ~
▒▒ ·▒· ▒ ···▒
· · ~·h ~·▒
▒·▒▒▒ ·▒x ·▒
··~~≈ ·····▒
·▒ ▒ ·▒ ~~~
▒·▒·▒·· ··▒···
·~ ▒·▒
··▒·▒▒··▒··▒
▒▒ ··▒·▒▒··▒·
·3·▒▒ · ·▒·~
··▒··▒··▒·
~~~~▒·····▒··▒
~ ≈≈···▒·▒x·▒
· · ~··▒··h··▒
▒~~·≈~~··D@▒·
▒·≈~~~▒▒·▒·▒·
▒ ·▒≈ ~▒▒··▒·▒
▒▒ ·~ ▒·▒▒▒▒▒
▒·▒ ▒···▒
▒▒·≈▒ ~ ▒ ▒·
·· ♣▒


You could see a bone dragon, an ancient zyme, a sixfirhy and a hell hound.

Vanquished Creatures
  A tentacled starspawn (Abyss:2)
  Josephine (Lair:3)
  Fannar (Lair:3)
  Erolcha (D:9)
  2 two-headed ogres
  4 death yaks (Lair:2)
  The ghost of casual the Martial Artist, a novice GnCA of Ignis (D:8)
  3 large abominations (Abyss:2)
  A cyclops (D:11)
  A moth of wrath (D:8)
  A worldbinder (Abyss:3)
  3 black mambas
  10 elephants
  An apocalypse crab (Abyss:2)
  An orange demon (Abyss:2)
  An unseen horror (D:10)
  10 cane toads
  A gargoyle (D:12)
  A torpor snail (Lair:3)
  Maggie (D:7)
  11 komodo dragons
  A freezing wraith (D:12)
  4 rime drakes
  An efreet (Abyss:2)
  3 kobold demonologists
  The ghost of casual the Insei, an amateur GnCA of Ignis (D:4)
  A polar bear (Lair:2)
  2 trolls (D:11)
  7 dream sheep (Lair:3)
  Prince Ribbit (D:8)
  10 blink frogs
  Sigmund (D:2)
  2 spriggans (Bailey)
  5 shadows
  21 yaks
  6 wraiths
  4 wyverns
  A neqoxec (Abyss:2)
  2 steam dragons
  6 basilisks
  4 vampire mosquitoes (D:8)
  2 acid dragons
  3 nagas (Lair:2)
  6 water moccasins
  2 orc warriors
  3 ice beasts (D:8)
  5 black bears
  11 ogres
  9 wolves
  5 small abominations (Abyss:2)
  4 centaurs
  2 kobold brigands
  7 bullfrogs
  4 scorpions
  13 wights
  4 troll zombies (D:10)
  6 killer bees (D:10)
  5 howler monkeys (D:9)
  An electric eel (Lair:1)
  A jelly (D:5)
  10 orc priests
  2 gnoll boudas
  5 iguanas (D:5)
  10 orc wizards
  A sleepcap (D:6)
  4 ogre zombies (D:10)
  13 gnolls
  5 adders
  A shadow imp (Abyss:2)
  A white imp (D:6)
  An ufetubus (D:6)
  3 worms
  2 dart slugs
  36 orcs
  4 ball pythons
  5 bats
  9 endoplasms
  A giant cockroach (D:4)
  10 goblins
  6 hobgoblins
  10 jackals
  3 quokkas
  5 frilled lizards
  A goblin skeleton (D:10)
  3 goblin zombies (D:10)
  3 hobgoblin skeletons (D:10)
  2 hobgoblin zombies (D:10)
  15 kobolds
  2 orc skeletons (D:10)
  14 orc zombies (D:10)
  2 rats
  A foxfire (Lair:3)
423 creatures vanquished.

Vanquished Creatures (collateral kills)
  2 spriggans (Bailey)
  A foxfire (Lair:2)
3 creatures vanquished.

Vanquished Creatures (others)
  An ogre (Bailey)
  407 foxfires
  8 starspawn tentacles (Abyss:2)
416 creatures vanquished.

Grand Total: 842 creatures vanquished

Notes
Turn   | Place    | Note
-------+----------+-------------------------------------------
     0 | D:1      | 13572468 the Deep Elf Conjurer began the quest for the Orb.
     0 | D:1      | Reached XP level 1. HP: 10/10 MP: 6/6
   337 | D:1      | Reached XP level 2. HP: 15/15 MP: 5/8
  1255 | D:2      | Reached XP level 3. HP: 19/19 MP: 6/10
  1289 | D:2      | Reached skill level 5 in Conjurations
  1827 | D:2      | Noticed Sigmund
  1947 | D:2      | Found a shimmering altar of Xom.
  2317 | D:3      | Reached skill level 1 in Fire Magic
  2342 | D:3      | Reached skill level 4 in Spellcasting
  2465 | D:3      | Found a radiant altar of Vehumet.
  2480 | D:3      | Reached XP level 4. HP: 16/24 MP: 3/12
  2548 | D:3      | Learned a level 4 spell: Sticky Flame
  2562 | D:3      | Became a worshipper of Vehumet
  3711 | D:4      | Noticed a scorpion
  3719 | D:4      | Killed a scorpion
  3720 | D:4      | Reached skill level 5 in Spellcasting
  3720 | D:4      | Reached XP level 5. HP: 28/28 MP: 2/14
  3817 | D:4      | Noticed a black bear
  3825 | D:4      | Killed a black bear
  3826 | D:4      | Reached XP level 6. HP: 28/32 MP: 4/16
  3831 | D:4      | Learned a level 4 spell: Iskenderun's Mystic Blast
  4064 | D:4      | Reached skill level 6 in Spellcasting
  4186 | D:4      | Found an iron altar of Okawaru.
  4281 | D:4      | Found a runed translucent door.
  4283 | D:4      | Noticed casual's ghost (amateur GnCA)
  4582 | D:4      | Found a staircase to the Ecumenical Temple.
  4595 | Temple   | Entered the Ecumenical Temple
  4744 | D:2      | Killed Sigmund
  4745 | D:2      | Reached skill level 7 in Spellcasting
  4745 | D:2      | Reached XP level 7. HP: 36/36 MP: 10/19
  4861 | D:5      | Entered Level 5 of the Dungeon
  5094 | D:5      | Reached skill level 8 in Spellcasting
  5174 | D:5      | Reached * piety under Vehumet
  5174 | D:5      | Offered knowledge of Foxfire by Vehumet.
  5177 | D:5      | Learned a level 1 spell: Foxfire
  6228 | D:6      | Reached XP level 8. HP: 41/41 MP: 16/22
  6242 | D:6      | Reached skill level 9 in Spellcasting
  6621 | D:6      | Reached ** piety under Vehumet
  6621 | D:6      | Offered knowledge of Poisonous Vapours by Vehumet.
  6941 | D:6      | Noticed a two-headed ogre
  7091 | D:6      | Found a bloodstained altar of Trog.
  7489 | D:6      | Killed a two-headed ogre
  7490 | D:6      | Reached skill level 10 in Spellcasting
  7490 | D:6      | Reached XP level 9. HP: 34/45 MP: 13/25
  7676 | D:7      | Reached skill level 11 in Spellcasting
  7704 | D:7      | Found a hazy altar of Hepliaklqana.
  7767 | D:7      | Learned a level 3 spell: Mephitic Cloud
  7776 | D:7      | Found a glowing golden altar of the Shining One.
  7845 | D:7      | Noticed Maggie
  8677 | D:7      | Killed Maggie
  8678 | D:7      | Reached skill level 5 in Fire Magic
  8959 | D:8      | Found a burning altar of Makhleb.
  8969 | D:8      | Reached skill level 12 in Spellcasting
  8969 | D:8      | Reached skill level 10 in Conjurations
  9185 | D:8      | Offered knowledge of Hailstorm by Vehumet.
  9293 | D:8      | Found a flagged portal.
  9302 | Bailey   | Entered a bailey
  9344 | Bailey   | Reached *** piety under Vehumet
  9369 | Bailey   | Reached XP level 10. HP: 21/50 MP: 9/28
  9393 | Bailey   | Reached skill level 13 in Spellcasting
  9504 | Bailey   | Noticed a two-headed ogre
  9519 | Bailey   | Killed a two-headed ogre
  9705 | Bailey   | Offered knowledge of Stone Arrow by Vehumet.
  9713 | Bailey   | Learned a level 3 spell: Stone Arrow
  9859 | D:8      | Found a transporter.
  9864 | D:8      | Noticed casual's ghost (novice GnCA)
  9871 | D:8      | Noticed Prince Ribbit
  9877 | D:8      | Killed Prince Ribbit
  9878 | D:8      | Reached skill level 14 in Spellcasting
 10176 | D:8      | Found a blossoming altar of Fedhas.
 10182 | D:8      | Identified a scroll of acquirement
 10182 | D:8      | Acquired the +2 buckler of Evolution {rF+++ Str+3 Slay-3
                  | SInv}
 10236 | D:8      | Identified the ring of the Loving Gods {Fire Int+3}
 10516 | D:8      | Found a transporter.
 10530 | D:8      | Noticed a moth of wrath
 10806 | D:4      | Killed casual's ghost
 10883 | D:4      | Identified the +1 falchion "Onnargh" {speed, Stlth+}
 11025 | D:9      | Noticed Erolcha
 11227 | D:9      | Upgraded the game from 0.31-a0-182-gc5ef74bbde to
                  | 0.31-a0-188-g5e087ee2ca
 11604 | D:9      | Reached **** piety under Vehumet
 11756 | D:9      | Killed Erolcha
 11757 | D:9      | Reached XP level 11. HP: 54/54 MP: 19/31
 12252 | D:10     | Entered Level 10 of the Dungeon
 12279 | D:10     | Reached skill level 15 in Spellcasting
 12461 | D:10     | Learned a level 4 spell: Airstrike
 12583 | D:10     | Offered knowledge of Volatile Blastmotes by Vehumet.
 13023 | D:10     | Found an opulent altar of Gozag.
 13505 | D:10     | Found a staircase to the Orcish Mines.
 13565 | D:10     | Reached ***** piety under Vehumet
 13989 | D:11     | Offered knowledge of Plasma Beam by Vehumet.
 13994 | D:11     | Reached skill level 16 in Spellcasting
 14001 | D:11     | Learned a level 6 spell: Plasma Beam
 15362 | D:11     | Reached skill level 1 in Air Magic
 15457 | D:11     | Found a staircase to the Lair.
 15660 | D:11     | Reached skill level 17 in Spellcasting
 15948 | D:12     | Reached XP level 12. HP: 59/59 MP: 16/35
 16144 | D:12     | Identified the scarf of Honour {rC+ rF+, Dex+3}
 16407 | D:12     | Found a stormy altar of Qazlal.
 16681 | D:8      | Killed casual's ghost
 16850 | Lair:1   | Entered Level 1 of the Lair of Beasts
 16981 | Lair:1   | Reached skill level 18 in Spellcasting
 17715 | Lair:1   | Upgraded the game from 0.31-a0-188-g5e087ee2ca to
                  | 0.31-a0-198-g2ad674f65e
 17739 | Lair:2   | Found a staircase to the Shoals.
 17948 | Lair:2   | Reached skill level 19 in Spellcasting
 18427 | Lair:2   | Reached XP level 13. HP: 63/63 MP: 24/38
 18428 | Lair:2   | Reached skill level 10 in Fire Magic
 18506 | Lair:2   | Found a staircase to the Snake Pit.
 19297 | Lair:3   | Noticed Fannar
 19307 | Lair:3   | Killed Fannar
 19601 | Lair:3   | Reached skill level 20 in Spellcasting
 19664 | Lair:3   | Offered knowledge of Orb of Destruction by Vehumet.
 19673 | Lair:3   | Learned a level 7 spell: Orb of Destruction
 20146 | Lair:3   | Noticed Josephine
 20153 | Lair:3   | Killed Josephine
 20514 | Lair:4   | Noticed Snorg
 20571 | Lair:4   | Noticed Sonja
 20656 | Abyss:2  | Cast into level 2 of the Abyss (Sonja)
 20678 | Abyss:2  | Found a corrupted altar of Lugonu.
 20740 | Abyss:2  | Found a corrupted altar of Lugonu.
 20742 | Abyss:2  | Found a corrupted altar of Lugonu.
 20742 | Abyss:2  | Found a corrupted altar of Lugonu.
 20798 | Abyss:2  | Noticed a tentacled starspawn
 20874 | Abyss:2  | Gained mutation: You are weak. (Str -2) [a neqoxec]
 20935 | Abyss:2  | Noticed a tentacled starspawn
 21006 | Abyss:2  | Noticed a lorocyproca
 21054 | Abyss:2  | Noticed a tentacled starspawn
 21060 | Abyss:2  | Killed a tentacled starspawn
 21061 | Abyss:2  | Reached skill level 15 in Conjurations
 21081 | Abyss:2  | Noticed a bone dragon
 21093 | Abyss:2  | Found a corrupted altar of Lugonu.
 21361 | Abyss:2  | Noticed a starcursed mass
 21366 | Abyss:3  | Found a corrupted altar of Lugonu.
 21461 | Abyss:3  | Noticed a bone dragon
 21474 | Abyss:3  | fuck this game
 21474 | Abyss:3  | Quit the game

Illustrated notes

▒·· ··▒· ··▒▒▒
· ·▒ ·· · ≈ ~
▒▒ ·▒· ▒ ···▒
· · ~·h ~·▒
▒·▒▒▒ ·▒x ·▒
··~~≈ ·····▒
·▒ ▒ ·▒ ~~~
▒·▒·▒·· ··▒···
·~ ▒·▒
··▒·▒▒··▒··▒
▒▒ ··▒·▒▒··▒·
·3·▒▒ · ·▒·~
··▒··▒··▒·
~~~~▒·····▒··▒
~ ≈≈···▒·▒x·▒
· · ~··▒··h··▒
▒~~·≈~~··D@▒·
▒·≈~~~▒▒·▒·▒·
▒ ·▒≈ ~▒▒··▒·▒
▒▒ ·~ ▒·▒▒▒▒▒
▒·▒ ▒···▒
▒▒·≈▒ ~ ▒ ▒·
·· ♣▒


Turn 21474 on Abyss:3: fuck this game

Levels and vault maps discovered:
D:1:      minmay_arrival_five_plusses, layout_basic, minmay_pentomino_o4
D:2:      layout_basic, basic_altar, uniq_sigmund
D:3:      layout_loops_corners, vehumet_altar_wand_db, amcnicky_mini_pool_small
D:4:      layout_loops_ring, general_overflow_altar, temple_hall,
          ebering_ghost_inner_flame
D:5:      layout_basic
D:6:      layout_gridville, mainiacjoe_overflow_alcove_4
D:7:      layout_basic, nicolae_hepliaklqana_hippocampus,
          nicolae_tso_carved_into_rock, uniq_maggie
D:8:      layout_layer_cave, fedhas_ov_isle_minmay,
          mainiacjoe_overflow_cross_hatched, enter_bailey_3,
          gammafunk_ghost_berserking_beasts, uniq_prince_ribbit1
D:9:      layout_cave_pools, uniq_erolcha
D:10:     layout_irregular_city, lemuel_coloured_pillars_altar,
          zombieorc2_lemuel
D:11:     layout_basic, erik_lair_dragon
D:12:     layout_loops_cross, grunt_qazlal_clouds
Temple:   compressed_dpeg_circular_temple
Lair:1:   layout_misc_corridors, serial_bayou_pond_b
Lair:2:   layout_small_grid, shoals_dummy_entry, nicolae_snake_entry_squirm,
          grunt_forest_small_clearings
Lair:3:   wander_river, layout_hall_layers, uniq_josephine, uniq_fannar
Lair:4:   layout_cave_pods, grunt_megastairs_1, uniq_sonja, uniq_snorg
Abyss:3:  base: D:6, evilmike_abyss_exit_mutagenic,
          hangedman_stitches_earthworm, evilmike_abyss_exit_12

Skill      XL: |  1  2  3  4  5  6  7  8  9 10 11 12 13 |
---------------+----------------------------------------+-----
Conjurations   | 5 6 7 9 10 12 13 14 15 | 15.1
Fire Magic     | 1 2 3 4 5 7 8 9 11 | 11.6
Spellcasting   | 4 5 7 8 10 12 14 17 19 20 | 20.9
Dodging        | 3 4 |  4.1
Air Magic      | 1 3 4 |  4.7
Stealth        | |  2.4

Action                     |  1- 3 |  4- 6 |  7- 9 | 10-12 | 13-15 || total
---------------------------+-------+-------+-------+-------+-------++-------
  Melee: Staff             |       |       |     1 |       |       ||     1
   Cast: Magic Dart        |   104 |    61 |    83 |    44 |       ||   292
         Sticky Flame      |       |     4 |    21 |     4 |     5 ||    34
         Foxfire           |       |       |    81 |   136 |    16 ||   233
         Iskenderun's Myst |       |       |    27 |    57 |     2 ||    86
         Stone Arrow       |       |       |       |   124 |    24 ||   148
         Mephitic Cloud    |       |       |       |     8 |       ||     8
         Plasma Beam       |       |       |       |    40 |    51 ||    91
         Orb of Destructio |       |       |       |       |    12 ||    12
  Evoke: Wand              |       |       |       |     9 |       ||     9
    Use: Scroll            |     7 |     4 |     8 |     8 |     6 ||    33
         Potion            |       |       |     2 |     4 |     3 ||     9
 Armour: Robe              |     1 |     2 |     2 |    11 |    11 ||    27
  Dodge: Dodged            |     9 |    15 |    35 |    31 |    18 ||   108
  Block: Buckler           |       |       |       |    11 |     8 ||    19

Table legend: (Time is in decaauts)
 A = Elapsed time spent in this place.
 B = Non-inter-level travel time spent in this place.
 C = Inter-level travel time spent in this place.
 D = Time resting spent in this place.
 E = Time spent auto-exploring this place.
 F = Levels seen in this place.
 G = Mean time per level.
                   A        B        C        D        E       F      G
               +--------+--------+--------+--------+--------+-----+--------+
         Total |  21523 |  19693 |   1830 |   3244 |  12088 |  20 | 1076.2 |
       Dungeon |  16405 |  14804 |   1601 |   2069 |  10032 |  12 | 1367.1 |
        Temple |      1 |      1 |      0 |      0 |      0 |   1 |    1.0 |
          Lair |   3772 |   3543 |    229 |    935 |   1976 |   4 |  943.0 |
         Abyss |    820 |    820 |      0 |      0 |      0 |   2 |  410.0 |
        Bailey |    523 |    523 |      0 |    240 |     79 |   1 |  523.0 |
               +--------+--------+--------+--------+--------+-----+--------+

Top non-repeatable levels by time:
    D:11: 1897 daAuts
    D:10: 1664 daAuts
     D:4: 1586 daAuts
  Lair:3: 1578 daAuts
     D:6: 1555 daAuts
     D:8: 1508 daAuts
     D:7: 1439 daAuts
  Lair:2: 1343 daAuts
     D:3: 1300 daAuts
     D:5: 1224 daAuts
     D:1: 1196 daAuts
     D:2: 1131 daAuts
     D:9: 1041 daAuts
    D:12: 859 daAuts
  Lair:1: 833 daAuts
